Map: King Sejong Station LE

Players

Grimlot

  • Race: Protoss Protoss
  • Spawn Location: 11:00

Fropez - Winner!

  • Race: Protoss Protoss
  • League: Gold
  • Spawn Location: 5:00

VOD

Have the link to the VOD?

Description

Time

  • Played on: Sept. 16, 2016, 10:45 a.m.
  • Length: 4:23
Show
View Real Time Build Order
Export as new Build Order

Grimlot Protoss 

Build Orders: Double Forge 

Get SALT Encoding   

  12  0:02  Probe (Chrono Boost)  
  13  0:12  Probe (Chrono Boost)  
  14  0:22  Pylon  
  14  0:27  Assimilator  
  14  0:30  Probe (Chrono Boost)  
  15  0:41  Probe (Chrono Boost)  
  16  0:46  Gateway  
  16  0:53  Probe (Chrono Boost)  
  17  1:03  Probe (Chrono Boost)  
  18  1:10  Pylon  
  18  1:14  Probe (Chrono Boost)  
  18  1:17  Forge  
  19  1:26  Assimilator  
  19  1:28  Probe (Chrono Boost)  
  20  1:35  Zealot (Chrono Boost)  
  22  1:56  Protoss Ground Weapons Level 1  
  22  2:01  Forge  
  22  2:03  Zealot (Chrono Boost)  
  22  2:07  Pylon  
  24  2:14  Probe  
  25  2:26  Probe  
  26  2:38  Probe  
  27  2:48  Gateway  
  27  2:57  Pylon  
  27  3:15  Cybernetics Core  
  27  3:18  Zealot (Chrono Boost)  
  29  3:22  Probe  
  32  3:41  Zealot (Chrono Boost)  
  30  3:48  Photon Cannon  
  28  3:58  Photon Cannon  
Show
View Real Time Build Order
Export as new Build Order

Fropez Protoss - Winner!

Build Orders:  

Get SALT Encoding   

  12  0:01  Probe (Chrono Boost)  
  13  0:15  Pylon  
  13  0:18  Probe (Chrono Boost)  
  14  0:28  Probe (Chrono Boost)  
  14  0:34  Gateway  
  15  0:39  Probe (Chrono Boost)  
  16  0:44  Assimilator  
  17  0:50  Probe (Chrono Boost)  
  17  0:55  Pylon  
  17  1:00  Probe (Chrono Boost)  
  18  1:11  Probe (Chrono Boost)  
  19  1:14  Gateway  
  19  1:22  Probe (Chrono Boost), Cybernetics Core  
  20  1:26  Assimilator  
  21  1:33  Probe (Chrono Boost)  
  21  1:43  Probe (Chrono Boost)  
  21  1:44  Pylon  
  23  1:58  Warp Gate (Chrono Boost)  
  23  2:01  Mothership Core  
  24  2:14  Adept  
  26  2:22  Probe  
  27  2:25  Pylon  
  27  2:27  Pylon  
  27  2:30  Pylon  
  27  2:34  Probe  
  28  2:41  Adept  
  30  2:50  Gateway  
  30  2:56  Probe  
  31  3:07  Twilight Council  
  31  3:08  Adept, Probe  
  34  3:54  Adept x2  
  38  4:02  Gateway  
  38  4:21  Adept x2  
Tags
 
League
Gold
Matchup
PvP
Replay Pack
All Mines
Spawn Locations
Cross Positions
Add a new tag
Caveats
  • Supply blocks, unpowered buildings, or Contaminate may cause inaccurate times.
  • Supply counts are checked every 10 seconds.